 Dungeon Crawl Stone Soup version 0.16-a0-3820-g492871e (webtiles) character file.

1523 timbw the Slasher (level 8, 0/67 HPs)
             Began as a Demigod Fighter on Jan 28, 2015.
             Slain by an ogre
             ... wielding a +0 giant spiked club
              (12 damage)
             ... on level 8 of the Dungeon.
             The game lasted 00:18:17 (3647 turns).

timbw the Slasher (Demigod Fighter)                 Turns: 3647, Time: 00:18:17

Health: 0/67       AC: 15    Str: 19    XL:     8   Next: 29%
Magic:  22/22      EV:  5    Int: 12    God:
Gold:   250        SH:  0    Dex: 19    Spells: 0 memorised, 7 levels left

rFire  . . .     SeeInvis +     v - +2 long sword (elec)
rCold  . . .     Clarity  .     s - +0 plate armour
rNeg   . . .     SustAb   +     (no shield)
rPois  x         Gourm    .     (no helmet)
rElec  .         Spirit   .     k - +1 cloak
rCorr  .         Warding  .     (no gloves)
rMut   .         Stasis   .     (no boots)
MR     .....     NoCast   +     w - amulet "Efuir" {-Cast +Rage +Fly rPois- MP+9 SInv}
Stlth  ..........               (no ring)
                                (no ring)

@: not resistant to hostile enchantments, extremely unstealthy
A: talons 1, slimy green scales 1, spit poison 1, sustain abilities
a: Spit Poison, Evoke Berserk Rage, Evoke Flight


You were on level 8 of the Dungeon.
You were not hungry.

You visited 1 branch of the dungeon, and saw 8 of its levels.

You collected 250 gold pieces.

Inventory:

Hand weapons
 a - a +0 long sword
 c - a +0 dire flail
 q - a +0 morningstar
 v - a +2 long sword of electrocution (weapon)
Missiles
 j - 6 poisoned needles
 A - a stone (quivered)
Armour
 b - a +0 scale mail
 e - a +0 chain mail
 k - a +1 cloak (worn)
 l - a +0 leather armour
 m - a +0 ring mail
 s - a +0 plate armour (worn)
Jewellery
 w - the amulet "Efuir" (around neck) {-Cast +Rage +Fly rPois- MP+9 SInv}
   (You found it on level 7 of the Dungeon)

   [amulet of rage]

   It makes you vulnerable to poison.
   It affects your magic capacity (+9).
   It enhances your eyesight.
   It lets you fly.
   It lets you go berserk.
   It prevents spellcasting.
Scrolls
 g - a scroll of blinking
 i - a scroll of enchant armour
 t - 3 scrolls of remove curse
 u - 2 scrolls of immolation {unknown}
 x - a scroll of summoning {unknown}
 y - a scroll of amnesia
Potions
 h - a potion of mutation
 n - a potion of haste {unknown}
 r - a potion of heal wounds {unknown}
 z - a potion of degeneration {unknown}
 B - a potion of curing
Books
 f - a Young Poisoner's Handbook

   Spells                             Type                      Level
   a - Sting                          Conjuration/Poison           1
   b - Cure Poison                    Poison                       2
   c - Mephitic Cloud                 Conjuration/Poison/Air       3
   d - Olgreb's Toxic Radiance        Poison                       4
   e - Venom Bolt                     Conjuration/Poison           5
 p - a book of the Sky

   Spells                             Type                      Level
   a - Flight                         Charms/Air                   3
   b - Airstrike                      Air                          4
   c - Silence                        Hexes/Air                    5
   d - Deflect Missiles               Charms/Air                   6
   e - Conjure Ball Lightning         Conjuration/Air              6
   f - Tornado                        Air                          9
Comestibles
 d - 2 bread rations
 o - a meat ration


   Skills:
 + Level 4.4 Fighting
 * Level 6.8 Long Blades
 - Level 6.1 Maces & Flails
 - Level 2.6 Armour
   Level 2.6 Shields


You had 7 spell levels left.
You didn't know any spells.

Dungeon Overview and Level Annotations

Branches:
Dungeon (8/15)
 Temple: D:4-7         Lair: D:8-11

Shops:
D:7 *

Annotations:
D:5 Grinder, Pikel
D:8 Prince Ribbit


Innate Abilities, Weirdness & Mutations

Your attributes are resistant to harm.
You have sharp toenails.
You are partially covered in slimy green scales (AC +2).
You can spit poison.


Message History

The ogre is moderately wounded.
You feel sick.
The ogre hits you with a giant spiked club!
* * * LOW HITPOINT WARNING * * *
Use which ability? (? or * to list)
Press: ? - help, Shift-Dir - straight line, f - ogre
Aim: an ogre, wielding a giant spiked club (moderately wounded)
The splash of poison hits the ogre.
The ogre is poisoned.
The ogre is moderately wounded.
You feel slightly more hungry.
You feel sick.
You are no longer poisoned.
You have got your breath back.
Drink which item? (? for menu, Esc to quit)
Okay, then.
The ogre looks more healthy.
You slash the ogre! You claw the ogre, but do no damage.
The ogre is almost dead.
The ogre hits you with a giant spiked club!
You die...

### ..# # ##.# ####
#.###.... ..# ###
.....#.# #.# ...#
##..#.#####.###....###
#>...@O.......).......
###
#...#.#####.###....###
#... #...#.# #... ...#
#... #.###.# ##### ..#
#....#(....# .#
#....#(##### #
#.........#
#.####.##.# #.####.##
#.#


You could see an ogre.

Vanquished Creatures
  A wyvern (D:8)
  A hungry ghost (D:8)
  Edmund (D:6)
  An orc warrior (D:7)
  3 ogres
  Duvessa (D:8)
  A big kobold (D:7)
  A giant frog (D:7)
  A jelly (D:7)
  Dowan (D:8)
  A giant frog zombie (D:7)
  2 crimson imps
  A hound (D:4)
  A quasit (D:8)
  4 worker ants
  2 orc priests
  A centaur skeleton (D:7)
  An iguana (D:7)
  A killer bee zombie (D:8)
  The ghost of kroki the Chopper, a weakling VSBe of Trog (D:5)
  4 adders
  A worm (D:4)
  2 adder skeletons
  5 giant geckos
  8 orcs
  4 giant cockroaches
  4 hobgoblins
  2 jackals (D:2)
  A ball python (D:3)
  6 bats
  4 giant newts
  8 goblins
  A jackal skeleton (D:4)
  12 kobolds
  A quokka zombie (D:8)
  7 rats
97 creatures vanquished.

Vanquished Creatures (others)
  A scorpion (D:4)
  An orc wizard (D:4)
  3 orcs (D:4)
5 creatures vanquished.

Grand Total: 102 creatures vanquished

Notes
Turn   | Place    | Note
--------------------------------------------------------------
     0 | D:1      | timbw, the Demigod Fighter, began the quest for the Orb.
     0 | D:1      | Reached XP level 1. HP: 18/18 MP: 2/2
    11 | D:1      | Found a glowing golden altar of the Shining One.
   105 | D:2      | Reached XP level 2. HP: 23/25 MP: 3/3
   226 | D:3      | Reached skill level 3 in Long Blades
   479 | D:4      | Noticed a scorpion
   539 | D:2      | Reached XP level 3. HP: 28/30 MP: 5/5
   771 | D:5      | Entered Level 5 of the Dungeon
   979 | D:6      | Noticed Edmund
  1002 | D:4      | Reached skill level 4 in Long Blades
  1038 | D:4      | Gained mutation: You can spit poison. [potion of mutation]
  1038 | D:4      | Gained mutation: You are partially covered in slimy green scales (AC +2). [potion of mutation]
  1038 | D:4      | Gained mutation: You have sharp toenails. [potion of mutation]
  1041 | D:4      | Reached XP level 4. HP: 17/37 MP: 7/7
  1085 | D:5      | Noticed a gnoll sergeant
  1138 | D:4      | Noticed an ogre
  1142 | D:4      | Reached skill level 1 in Maces & Flails
  1145 | D:4      | Killed an ogre
  1145 | D:4      | Reached XP level 5. HP: 13/42 MP: 8/8
  1175 | D:4      | Killed a scorpion
  1433 | D:5      | Noticed Grinder
  1433 | D:5      | Noticed Pikel
  1433 | D:5      | Noticed a slave
  1433 | D:5      | Noticed a slave
  1433 | D:5      | Noticed a slave
  1433 | D:5      | Noticed a slave
  1447 | D:5      | Found a burning altar of Makhleb.
  1476 | D:5      | Found a snail-covered altar of Cheibriados.
  1484 | D:5      | Noticed kroki's ghost (weakling VSBe)
  1688 | D:4      | Found a sparkling altar of Nemelex Xobeh.
  1904 | D:5      | Killed kroki's ghost
  2072 | D:6      | Killed Edmund
  2072 | D:6      | Reached XP level 6. HP: 45/50 MP: 10/10
  2218 | D:6      | Noticed a centaur
  2219 | D:6      | Noticed a centaur
  2269 | D:6      | Noticed a centaur
  2269 | D:6      | Noticed a centaur
  2300 | D:6      | Noticed an orc warrior
  2762 | D:7      | Reached skill level 5 in Maces & Flails
  2822 | D:7      | Noticed a hungry ghost
  2897 | D:7      | Reached XP level 7. HP: 29/56 MP: 12/12
  2918 | D:7      | Reached skill level 6 in Maces & Flails
  2928 | D:7      | Got a warped zirconium amulet
  2929 | D:7      | Identified the amulet "Efuir" {-Cast +Rage +Fly rPois- MP+9 SInv} (You found it on level 7 of the Dungeon)
  2972 | D:8      | Noticed a wyvern
  2976 | D:8      | Killed a wyvern
  2976 | D:8      | Reached skill level 5 in Long Blades
  2978 | D:8      | Noticed Prince Ribbit
  3036 | D:7      | Found a basalt altar of Yredelemnul.
  3235 | D:7      | Found Veefeutt's General Store.
  3257 | D:8      | Found a glowing silver altar of Zin.
  3513 | D:8      | Noticed Dowan
  3514 | D:8      | Noticed Duvessa
  3524 | D:8      | Killed Duvessa
  3524 | D:8      | Reached XP level 8. HP: 54/66 MP: 13/13
  3528 | D:8      | Killed Dowan
  3537 | D:8      | Noticed a hungry ghost
  3559 | D:8      | Killed a hungry ghost
  3647 | D:8      | Slain by an ogre

Action                   |  1- 3 |  4- 6 |  7- 9 || total
-------------------------+-------+-------+-------++-------
Melee: Long sword        |   133 |    92 |    89 ||   314
       Dire flail        |       |    73 |     3 ||    76
 Abil: Spit Poison       |       |     6 |     3 ||     9
       Evoke Berserk Rag |       |       |     1 ||     1
  Use: Scroll            |     3 |       |     3 ||     6
       Potion            |     2 |     4 |       ||     6
  Eat: Chunk             |     1 |     4 |     2 ||     7
       Royal jelly       |       |     1 |       ||     1
       Meat ration       |       |       |     2 ||     2
